 Dungeon Crawl Stone Soup version 0.27-a0-1500-g450c7e4133 (webtiles) character file.

Game seed: 4023020369889055298

24 Lanoc the Gusty (level 3, -2/19 HPs)
             Began as a Tengu Air Elementalist on July 7, 2021.
             Slain by Terence (12 damage)
             ... on level 1 of the Dungeon.
             The game lasted 00:01:23 (1040 turns).

Lanoc the Gusty (Tengu Air Elementalist)            Turns: 1040, Time: 00:01:24

Health: -2/19      AC:  2    Str:  8    XL:     3   Next: 2%
Magic:  6/7        EV: 12    Int: 16    God:
Gold:   44         SH:  0    Dex: 14    Spells: 5/6 levels left

rFire    . . .     SeeInvis .   b - +0 quarterstaff
rCold    . . .     Faith    .   (shield currently unavailable)
rNeg     . . .     Spirit   .   a - +0 robe
rPois    .         Reflect  .   (helmet restricted)
rElec    .         Harm     .   (no cloak)
rCorr    .         Rampage  .   (no gloves)
Will     .....                  (boots unavailable)
Stlth    ++........             (no amulet)
HPRegen  0.06/turn              (no ring)
MPRegen  0.10/turn              (no ring)

@: no status effects
A: beak, talons 3
a: no special abilities


You were on level 1 of the Dungeon.
You visited 1 branch of the dungeon, and saw 2 of its levels.

You collected 44 gold pieces.

Inventory:

Hand Weapons
 b - a +0 quarterstaff (weapon)
Armour
 a - a +0 robe (worn)
Scrolls
 c - a scroll of noise {unknown}
 d - 3 scrolls of magic mapping {unknown}
 f - a scroll of identify {unknown}
Potions
 e - a potion of berserk rage {unknown}


   Skills:
 + Level 2.6 Dodging
 - Level 2.0 Stealth
 - Level 2.0 Spellcasting
 + Level 2.1 Conjurations
 * Level 4.8 Air Magic


You had 5 spell levels left.
You knew the following spells:

 Your Spells              Type           Power      Damage    Failure   Level
a - Shock                 Conj/Air       48%        1d6       4%          1

Your spell library contained the following spells:

 Spells                   Type           Power      Damage    Failure   Level
 Static Discharge         Conj/Air       12%        N/A       8%          2
 Swiftness                Air            17%        N/A       9%          3
 Airstrike                Air            8%         N/A       28%         4


Dungeon Overview and Level Annotations

Branches:
Dungeon (2/15)

Altars:

Annotations:
D:1 Terence


Innate Abilities, Weirdness & Mutations

You have a beak for a mouth.
You have claws for feet.


Message History

You barely miss the giant cockroach.
The giant cockroach is moderately wounded.
The giant cockroach bites you but does no damage.
The giant cockroach bites you.
You closely miss the giant cockroach.
The giant cockroach is moderately wounded.
The giant cockroach closely misses you. The giant cockroach bites you.
You hit the giant cockroach.
You kill the giant cockroach!
You have reached level 3!
Your experience leads to an increase in your attributes!
Increase (S)trength, (I)ntelligence, or (D)exterity?
You feel clever.
Your magical contamination has completely faded away.
HP restored.
You open the large door.
A kobold and Terence come into view.
Terence shouts!
The kobold shouts!
Casting: Shock (safe; 4% risk of failure)
Confirm with . or Enter, or press ? or * to list all spells.
Aiming: Shock (safe; 4% risk of failure)
Press: ? - help, Shift-Dir - straight line, f - kobold
Aim: a kobold, wielding a +0 short sword (60% to hit)
The zap hits the kobold.
You kill the kobold!
You see here a giant cockroach corpse.
There is a stone staircase leading up here.
Terence hits you with a +0 flail!
Ouch! That really hurt!
You climb upwards.
There is a stone staircase leading down here.
Casting: Shock (safe; 4% risk of failure)
Confirm with . or Enter, or press ? or * to list all spells.
Aiming: Shock (safe; 4% risk of failure)
Press: ? - help, Shift-Dir - straight line The zap misses Terence.
The zap hits Terence.
Terence is lightly wounded.
Terence hits you with a +0 flail!
Ouch! That really hurt!
You die...

########### ##.........#
...........##
............######
.................#
...........>####.##
................@.#
............####@.########
............# #..##.....#
............# #..#.≈....#
............# #.....≈...#
#####.#####.#####.#..≈...#
#####.............#..≈≈..#
.............###..#...≈..#
..................#.#.≈#.#
...........#..##.##.###..####


You could see Terence.

Vanquished Creatures
  3 ball pythons
  A giant cockroach (D:2)
  2 hobgoblins
  6 jackals (D:1)
  2 kobolds
  3 bats (D:1)
  7 rats (D:1)
24 creatures vanquished.

Notes
Turn   | Place    | Note
-------+----------+-------------------------------------------
     0 | D:1      | Lanoc the Tengu Air Elementalist began the quest for the
                  | Orb.
     0 | D:1      | Reached XP level 1. HP: 10/10 MP: 4/4
   313 | D:1      | Reached XP level 2. HP: 15/15 MP: 0/6
   950 | D:2      | Reached XP level 3. HP: 16/19 MP: 0/7
  1020 | D:2      | Noticed Terence
  1040 | D:1      | Slain by Terence

Illustrated notes

Levels and vault maps discovered:
D:1:      dpeg_arrival_ratfight, layout_basic, serial_bayou_pond_d,
          chequers_serial_rivers_micro_c
D:2:      kennysheep_big_flooded_room, layout_basic, minivault_11,
          nrook_mini_backslash, uniq_terence

Skill      XL: |  1  2 |
---------------+-------+-----
Conjurations   | 2 |  2.1
Dodging        | |  2.6
Stealth        | |  2.0
Spellcasting   | |  2.0
Air Magic      | |  4.8

Action                   || total
-------------------------++-------
Melee: Quarterstaff      ||    10
       Unarmed           ||     1
       Peck              ||     1
 Cast: Shock             ||    41
Armor: Robe              ||     2
Dodge: Dodged            ||    18

Table legend: (Time is in decaauts)
 A = Elapsed time spent in this place.
 B = Non-inter-level travel time spent in this place.
 C = Inter-level travel time spent in this place.
 D = Time resting spent in this place.
 E = Time spent auto-exploring this place.
 F = Levels seen in this place.
 G = Mean time per level.
                   A        B        C        D        E       F      G
               +--------+--------+--------+--------+--------+-----+--------+
         Total |   1045 |   1036 |      9 |      0 |    902 |   2 |  522.5 |
       Dungeon |   1045 |   1036 |      9 |      0 |    902 |   2 |  522.5 |
               +--------+--------+--------+--------+--------+-----+--------+

Top non-repeatable levels by time:
     D:1: 932 daAuts
     D:2: 113 daAuts
